 Dungeon Crawl Stone Soup version 0.31-a0-489-g282fc92437 (webtiles) character file.

Game seed: 17720804077867617

124 Ethylacetat the Cutter (level 5, -8/36 HPs)
             Began as an Octopode Gladiator on Aug 8, 2023.
             Mangled by a gnoll
             ... wielding the +2 spear "Pochoel" {elec, rElec rF+ Int+4}
              (9 damage)
             ... on level 3 of the Dungeon.
             The game lasted 00:04:38 (2626 turns).

Ethylacetat the Cutter (Octopode Gladiator)         Turns: 2626, Time: 00:04:39

Health: -8/36      AC:  1    Str: 14    XL:     5   Next: 8%
Magic:  5/5        EV: 13    Int: 10    God:
Gold:   200        SH:  4    Dex: 15    Spells: 4/4 levels left

rFire   . . .        a - +0 rapier
rCold   . . .        i - +0 buckler
rNeg    . . .        b - melded +0 hat
rPois   .            (no amulet)
rElec   .            (no ring)
rCorr   .            (no ring)
SInv    .            (no ring)
Will    .....        (no ring)
Stlth   ++           (no ring)
HPRegen 0.26/turn    (no ring)
MPRegen 0.09/turn    (no ring)
                     (no ring)

%: no passive effects
@: beast-form
A: beast (slay +1), almost no armour, amphibious, 8 rings, camouflage 1,
gelatinous body 1, (nimble swimmer 1), tentacles
a: Begin Untransformation


You were on level 3 of the Dungeon.
You were a hulking beast.
You visited 1 branch of the dungeon, and saw 3 of its levels.

You collected 200 gold pieces.

Inventory:

Hand Weapons
 a - a +0 rapier (weapon)
Missiles
 c - 3 throwing nets
 d - a javelin (quivered)
 r - 4 boomerangs
Armour
 b - a +0 hat (melded)
 i - a +0 buckler (worn)
Jewellery
 u - an amulet of regeneration
Talismans
 n - a beast talisman (active)
Scrolls
 e - 2 scrolls of fear {unknown}
 h - 4 scrolls of identify {unknown}
 p - a scroll of amnesia {unknown}
 s - a scroll of teleportation {unknown}
 t - 3 scrolls of fog {unknown}
 v - a scroll of acquirement {unknown}
Potions
 f - 4 potions of curing
 g - a potion of enlightenment {unknown}
 j - a potion of resistance {unknown}
 k - a potion of brilliance {unknown}
 l - 2 potions of berserk rage {unknown}
 m - 2 potions of might {unknown}
 o - 2 potions of cancellation {unknown}
 q - 3 potions of attraction {unknown}


   Skills:
 + Level 3.4 Fighting
 + Level 4.1 Short Blades
 - Level 2.0 Throwing
 - Level 3.0 Dodging
 * Level 1.7 Shapeshifting


You had 4 spell levels left.
You didn't know any spells.
Your spell library contained the following spells:

 Spells                   Type           Power      Damage    Failure   Level
 Tukima's Dance           Hex            0%         N/A       83%         3
 Passage of Golubria      Tloc           0%         N/A       99%         4
 Summon Ice Beast         Ice/Summ       0%         N/A       99%         4
 Summon Mana Viper        Hex/Summ       0%         N/A       100%        5
 Yara's Violent Unravell  Hex/Tmut       0%         3d3       100%        5
 Monstrous Menagerie      Summ           0%         N/A       100%        7


Dungeon Overview and Level Annotations

Branches:
Dungeon (3/15)

Altars:
Trog

Annotations:
D:1 1 transporter
D:3 1 transporter, paps's ghost, weakling DsSh


Innate Abilities, Weirdness & Mutations

You are a hulking beast.
Your limbs bulge with bestial killing power. (Slay +1)
You cannot wear most types of armour.
You are amphibious.
You can wear up to eight rings at the same time.
Your skin changes colour to match your surroundings (Stealth+).
Your rubbery body absorbs attacks. (AC +1, EV +1)
((You are camouflaged when in or above water. (Stealth+)))
You have tentacles for arms and can constrict up to eight enemies at once.


Message History

You barely miss the gnoll.
The gnoll bouda shouts!
You grab the gnoll. You constrict the gnoll.
The gnoll hits you with a +0 vampiric halberd!
* * * LOW HITPOINT WARNING * * *
Unknown command.
Okay, then.
You hit the gnoll but do no damage. You tentacle-slap the gnoll.
The gnoll is moderately wounded.
You constrict the gnoll.
The gnoll hits you with a +0 vampiric halberd.
* * * LOW HITPOINT WARNING * * *
You hit the gnoll.
The gnoll is heavily wounded.
You constrict the gnoll. The gnoll misses you.
The gnoll shouts!
You hit the gnoll.
The gnoll is almost dead.
You constrict the gnoll.
You kill the gnoll!
You have reached level 5!
You feel stronger.
There is an open translucent door here.
You see here a +0 vampiric halberd.
You close the door, pushing everything out of the way.
A gnoll opens the door.
The gnoll bouda barks out a call to the hunt!
The gnoll picks up the pace!
Okay, then.
Throw: javelin
Press: ? - help, Q - select action, (/) - cycle Shift-Dir - straight line, f - gnoll
Aim: a gnoll, wielding the +2 spear "Pochoel" {elec, rElec rF+ Int+4} (covering ground quickly, 63% to hit)
Okay, then.
Okay, then.
Okay, then.
It was a potion of curing.
You feel better.
The gnoll hits you from afar with the +2 spear "Pochoel" {elec, rElec rF+ Int+4}!
* * * LOW HITPOINT WARNING * * *
You are electrocuted!
You die...

#†..## ##.# #.....# ##.###.....
#.#######.####..##.####..........
#.............................###
#..≈≈≈≈≈≈≈≈≈≈≈...≈≈≈≈≈≈≈≈≈≈≈..#
#..≈≈≈≈≈≈≈≈≈≈≈...≈≈≈≈≈≈≈≈≈≈≈..# #
#..≈≈#####...........#####≈≈..###
#..≈≈#g8.#.###.©.###.#.8.#≈≈...##
#..≈≈#g..###.#####.###...#≈≈...##
#..≈≈###........h......###≈≈...##
#..≈≈.8#.######'######.#8.≈≈...#
#..≈≈.##.#.⌠.#.g8#...#.##.≈≈...##
#..~~.#.g'..g..©⌠#:..'..#.~~.....
#..≈≈.##.#.g.#P.8#...#.##.≈≈...##
#..≈≈.8#.######'######.#8.≈≈.....
#..≈≈###...............###≈≈.....
#..≈≈#...###g#####.###..W#≈≈.#.#.
#..≈≈#.8.#.###.©.###.#.8.#≈≈.....


You could see a gnoll bouda and 2 gnolls.

Vanquished Creatures
  A gnoll (D:3)
  4 adders
  3 worms
  A dart slug (D:2)
  10 endoplasms
  6 giant cockroaches
  4 goblins (D:2)
  4 hobgoblins
  6 jackals
  A quokka (D:1)
  4 ball pythons
  2 bats (D:2)
  7 frilled lizards
  8 kobolds
  5 rats
66 creatures vanquished.

Notes
Turn   | Place    | Note
-------+----------+-------------------------------------------
     0 | D:1      | Ethylacetat the Octopode Gladiator began the quest for the
                  | Orb.
     0 | D:1      | Reached XP level 1. HP: 14/14 MP: 1/1
   235 | D:1      | Reached XP level 2. HP: 20/20 MP: 2/2
   928 | D:2      | Reached XP level 3. HP: 7/25 MP: 3/3
  1427 | D:2      | Reached XP level 4. HP: 31/31 MP: 4/4
  1630 | D:2      | Reached skill level 1 in Shapeshifting
  1633 | D:2      | Found a faded altar of an unknown god.
  1870 | D:3      | Reached skill level 4 in Short Blades
  2304 | D:3      | Found a bloodstained altar of Trog.
  2369 | D:3      | Noticed paps's ghost (weakling DsSh)
  2384 | D:3      | Found a transporter.
  2389 | D:3      | Identified the +2 spear "Pochoel" {elec, rElec rF+ Int+4}
  2431 | D:3      | Found a transporter.
  2623 | D:3      | Reached XP level 5. HP: 4/36 MP: 5/5
  2626 | D:3      | HP: 1/36 [gnoll/the +2 spear "Pochoel" {elec, rElec rF+
                  | Int+4} (10)]
  2626 | D:3      | Mangled by a gnoll

Illustrated notes

Levels and vault maps discovered:
D:1:      spicycebolla_arrival_risky_transporter, layout_loops_ring,
          minmay_fountain_box, ebering_dispersal_statue_hall
D:2:      minmay_general_purpose_star, layout_basic,
          nicolae_ecumenical_lake_church, roderic_serpentine_path,
          minmay_increasing_density
D:3:      kennysheep_big_flooded_room, layout_loops_ring, bloody_trog,
          gammafunk_ghost_gnarly_gnolls, guppyfry_early_lair_pool

Skill      XL: |  1  2  3  4 |
---------------+-------------+-----
Fighting       | 3 |  3.4
Shapeshifting  | 1 |  1.7
Short Blades   | 4 |  4.1
Throwing       | |  2.0
Dodging        | |  3.0

Action                     |  1- 3 |  4- 6 || total
---------------------------+-------+-------++-------
  Melee: Rapier            |    75 |    45 ||   120
         Constrict         |    17 |    11 ||    28
         Tentacles         |    14 |     7 ||    21
         Punch             |       |     1 ||     1
    Use: Potion            |       |     1 ||     1
   Stab: Sleeping          |    11 |     8 ||    19
         Distracted        |     1 |       ||     1
 Armour: Skin              |     5 |     2 ||     7
  Dodge: Dodged            |    32 |    14 ||    46
  Block: Buckler           |     6 |       ||     6
   Form: Beast             |     1 |       ||     1

Table legend: (Time is in decaauts)
 A = Elapsed time spent in this place.
 B = Non-inter-level travel time spent in this place.
 C = Inter-level travel time spent in this place.
 D = Time resting spent in this place.
 E = Time spent auto-exploring this place.
 F = Levels seen in this place.
 G = Mean time per level.
                   A        B        C        D        E       F      G
               +--------+--------+--------+--------+--------+-----+--------+
         Total |   2632 |   2482 |    150 |      0 |   1889 |   3 |  877.3 |
       Dungeon |   2632 |   2482 |    150 |      0 |   1889 |   3 |  877.3 |
               +--------+--------+--------+--------+--------+-----+--------+

Top non-repeatable levels by time:
     D:3: 918 daAuts
     D:2: 913 daAuts
     D:1: 800 daAuts
